 Dungeon Crawl Stone Soup version 0.32-a0-909-gc671339a80 (webtiles) character file.

Game seed: 1012058821926998532

505 Finalfun the Cleaver (level 6, -8/52 HPs)
             Began as a Mountain Dwarf Fighter on Apr 7, 2024.
             Mangled by an ogre
             ... wielding a +0 giant spiked club
              (25 damage)
             ... on level 5 of the Dungeon.
             The game lasted 00:05:58 (4088 turns).

Finalfun the Cleaver (Mountain Dwarf Fighter)       Turns: 4088, Time: 00:05:59

Health: -8/52      AC: 10    Str: 21    XL:     6   Next: 96%
Magic:  6/6        EV:  7    Int:  8    God:
Gold:   260        SH:  5    Dex: 15    Spells: 5/5 levels left

rFire   + . .        i - +1 spear (venom)
rCold   . . .        c - +0 buckler
rNeg    . . .        g - +0 chain mail
rPois   .            (no helmet)
rElec   .            (no cloak)
rCorr   .            (no gloves)
SInv    .            j - +0 pair of boots
Will    .....        (no amulet) Stlth
                     e - +6 ring of dexterity
HPRegen 0.28/turn    p - ring of protection from fire
MPRegen 0.10/turn

%: no passive effects
@: no status effects
A: runic magic, artefact enchanting
a: no special abilities


You were on level 5 of the Dungeon.
You visited 1 branch of the dungeon, and saw 5 of its levels.

You collected 260 gold pieces.

Inventory:

Hand Weapons
 a - a +0 war axe
 i - a +1 spear of venom (weapon)
Missiles
 d - 2 throwing nets (quivered)
Armour
 c - a +0 buckler (worn)
 f - an orb of mayhem
 g - a +0 chain mail (worn)
 j - a +0 pair of boots (worn)
Jewellery
 e - a +6 ring of dexterity (left hand)
 n - a ring of magical power
 p - a ring of protection from fire (right hand)
 t - a ring of flight
Wands
 b - a wand of polymorph (7)
Scrolls
 k - a scroll of poison
 m - a scroll of vulnerability
 r - a scroll of fog
 u - a scroll of enchant weapon
 v - 2 scrolls of immolation


   Skills:
 - Level 4.0 Fighting
 + Level 8.0 Axes
 - Level 4.0 Armour
 - Level 4.0 Shields


You had 5 spell levels left.
You didn't know any spells.
Your spell library contained the following spells:

 Spells                   Type           Power      Damage    Failure   Level
 Ensorcelled Hibernation  Hex/Ice        0%         N/A       78%         2
 Passwall                 Erth           0%         N/A       95%         3
 Swiftness                Air            0%         N/A       95%         3


Dungeon Overview and Level Annotations

Branches:
Dungeon (5/15)
 Temple: D:4-7

Altars:
Okawaru
Xom
Zin

Shops:
D:3 *![?   D:4 *


Innate Abilities, Weirdness & Mutations

Your spellcasting is much less encumbered by armour.
You can use scrolls of enchantment on lesser artefacts.


Message History

The phantom hits you.
You closely miss the phantom.
The phantom is heavily damaged.
The phantom hits you.
The ogre hits you with a +0 giant spiked club!
You are too injured to fight recklessly!
You are too injured to fight recklessly!
You are too injured to fight recklessly!
You are too injured to fight recklessly!
You are too injured to fight recklessly!
You are too injured to fight recklessly!
You are too injured to fight recklessly!
You are too injured to fight recklessly!
You are too injured to fight recklessly!
You are too injured to fight recklessly!
You are too injured to fight recklessly!
You are too injured to fight recklessly!
You are too injured to fight recklessly!
You are too injured to fight recklessly!
You are too injured to fight recklessly!
Okay, then.
You aren't carrying any potions.
You barely miss the phantom.
The phantom is heavily damaged.
The phantom hits you but does no damage.
You hit the phantom.
The phantom is heavily damaged.
The ogre hits you but does no damage.
You closely miss the phantom.
The phantom is heavily damaged.
The phantom hits you but does no damage.
You closely miss the phantom.
The phantom is heavily damaged.
You block the phantom's attack.
The ogre hits you with a +0 giant spiked club.
You hit the phantom but do no damage.
The phantom is heavily damaged.
The phantom hits you but does no damage.
The ogre hits you with a +0 giant spiked club!!
You die...

######### #
#.#.#...#.#
##.#.....#
#.#..#.#..#
##..##†## .##
#..##.O.## .#
#.##..$@W##.#
#..##...##..#
##..##.##..#
#.#.)###.†#.#
##.#†.#..#.##
#.#.#...#.#.# ##
######.###### .
#...##.#
#######.#.#....#


You could see an ogre and a phantom.

Vanquished Creatures
  A black bear (D:5)
  2 hounds
  A jelly (D:3)
  A gnoll bouda (D:4)
  An orc priest (D:4)
  An iguana (D:5)
  3 orc wizards
  3 gnolls (D:4)
  4 adders
  A white imp (D:5)
  3 dart slugs
  2 ribbon worms
  12 orcs
  6 ball pythons
  7 endoplasms
  4 giant cockroaches
  6 goblins
  5 hobgoblins
  3 jackals (D:3)
  4 kobolds
  2 quokkas
  6 bats
  A frilled lizard (D:1)
  5 rats
84 creatures vanquished.

Notes
Turn   | Place    | Note
-------+----------+-------------------------------------------
     0 | D:1      | Finalfun the Mountain Dwarf Fighter began the quest for the
                  | Orb.
     0 | D:1      | Reached XP level 1. HP: 19/19 MP: 1/1
   111 | D:1      | Reached XP level 2. HP: 26/26 MP: 2/2
   978 | D:2      | Reached skill level 3 in Axes
   978 | D:2      | Reached XP level 3. HP: 28/33 MP: 3/3
  1645 | D:3      | Found an iron altar of Okawaru.
  1676 | D:3      | Found a faded altar of an unknown god.
  1691 | D:3      | Found a shimmering altar of Xom.
  1692 | D:3      | Found a shimmering altar of Xom.
  1699 | D:3      | Reached XP level 4. HP: 39/40 MP: 4/4
  1737 | D:3      | Found Buamein's Distillery.
  1753 | D:3      | Reached skill level 4 in Axes
  1762 | D:3      | Found Ibbisaqi's Armour Boutique.
  1783 | D:3      | Found Feohoch's Assorted Antiques.
  1794 | D:3      | Reached XP level 5. HP: 40/46 MP: 5/5
  2227 | D:3      | Found Oredej's Magic Scroll Emporium.
  2385 | D:4      | Reached skill level 5 in Axes
  2431 | D:4      | Found Zin's Purification Station.
  2434 | D:4      | Found a glowing silver altar of Zin.
  2868 | D:4      | Reached skill level 6 in Axes
  3063 | D:4      | Reached XP level 6. HP: 10/52 MP: 6/6
  3707 | D:5      | Entered Level 5 of the Dungeon
  3795 | D:5      | Reached skill level 7 in Axes
  4057 | D:5      | Reached skill level 8 in Axes
  4088 | D:5      | Mangled by an ogre

Illustrated notes

Levels and vault maps discovered:
D:1:      dpeg_arrival_windows_large_door, layout_basic
D:2:      layout_loops_corners
D:3:      layout_loops_ring, okawaru_trees_2, xom_redecorated, serial_shops,
          shop, shop, nicolae_shop_industrial_runoff, nicolae_shop_peninsula,
          ebering_ecumenical_altar_rust, minmay_distorted
D:4:      layout_basic, zin_purify
D:5:      minmay_diamond_boxcup, layout_basic

Skill      XL: |  1  2  3  4  5  6 |
---------------+-------------------+-----
Axes           | 3 4 6 8 |  8.0
Fighting       | 4 |  4.0
Armour         | 4 |  4.0
Shields        | 4 |  4.0

Action                     |  1- 3 |  4- 6 || total
---------------------------+-------+-------++-------
  Melee: War axe           |    38 |       ||    38
         Spear             |    71 |   178 ||   249
    Use: Potion            |       |     6 ||     6
         Scroll            |       |     5 ||     5
 Armour: Scale mail        |    68 |    42 ||   110
         Skin              |       |     5 ||     5
         Chain mail        |       |    59 ||    59
  Dodge: Dodged            |    27 |    34 ||    61
  Block: Buckler           |    25 |    30 ||    55

Table legend: (Time is in decaauts)
 A = Elapsed time spent in this place.
 B = Non-inter-level travel time spent in this place.
 C = Inter-level travel time spent in this place.
 D = Time resting spent in this place.
 E = Time spent auto-exploring this place.
 F = Levels seen in this place.
 G = Mean time per level.
                   A        B        C        D        E       F      G
               +--------+--------+--------+--------+--------+-----+--------+
         Total |   4088 |   3880 |    208 |    156 |   3157 |   5 |  817.6 |
       Dungeon |   4088 |   3880 |    208 |    156 |   3157 |   5 |  817.6 |
               +--------+--------+--------+--------+--------+-----+--------+

Top non-repeatable levels by time:
     D:4: 1352 daAuts
     D:2: 859 daAuts
     D:1: 772 daAuts
     D:3: 726 daAuts
     D:5: 377 daAuts
